[Event "Titled Tuesday Blitz October 25 Late 2022"]
[White "Yeletsky, Ivan"]
[Black "Yurovskykh, Oleksandr"]
[WhiteFideId "24180327"]
[BlackFideId "14134020"]
[WhiteElo "2391"]
[BlackElo "2303"]
[Result "1/2-1/2"]
[Round "02"]
[TimeControl "180+1"]
[Date "2022.10.26"]
[WhiteClock "0:00:02"]
[BlackClock "0:00:14"]

1. d4 d5 2. c4 e6 3. Nf3 Nf6 4. g3 Bb4+ 5. Bd2 Be7 6. Bg2 O-O 7. O-O c6 8. Qc2 Nbd7 9. Rd1 b6 10. b3 Ba6 11. a4 Qc8 12. a5 dxc4 13. bxc4 c5 14. Na3 Bb7 15. e3 Be4 16. Qa2 Qb7 17. Ne1 Bxg2 18. Nxg2 cxd4 19. exd4 Rac8 20. axb6 axb6 21. Nb5 Ra8 22. Qb3 Rxa1 23. Rxa1 Ra8 24. Re1 Bf8 25. Bg5 h6 26. Bxf6 Nxf6 27. Qc2 Qc6 28. Nf4 Rc8 29. Rc1 Qe4 30. Qxe4 Nxe4 31. Nd3 Nd6 32. Nxd6 Bxd6 33. Kg2 Kf8 34. c5 bxc5 35. dxc5 Bc7 36. Kf3 Ke7 37. Ke3 Kd7 38. Nb4 Ra8 39. Rd1+ Ke8 40. Nc6 Ra2 41. Rd2 Rxd2 42. Kxd2 Kd7 43. Nd4 g6 44. Kd3 Ba5 45. f3 Bd8 46. g4 Bf6 47. Ne2 Be5 48. h3 Kc6 49. Kc4 h5 50. gxh5 gxh5 51. Nc1 f6 52. Nd3 Bg3 53. Nb4+ Kb7 54. Kb5 Bf2 55. Nd3 Be3 56. Nb2 Kc7 57. Nc4 Bf2 58. Nd6 f5 59. Ne8+ Kd7 60. Nf6+ Ke7 61. Nxh5 e5 62. Kc4 e4 63. fxe4 fxe4 64. Nf4 Kf6 65. Kd5 Kg5 66. c6 Bb6 67. Ne2 Kh4 68. Kxe4 Kxh3 69. Kf5 Kh4 70. Nd4 Kh5 71. Nb5 Kh6 72. Kf6 Kh7 73. Kf7 Kh6 74. Nc3 Kg5 75. Nd5 Ba5 76. Ke6 Kg6 77. Ke7 Kf5 78. Kd7 Ke5 79. Ne7 Bb6 80. Nc8 Ba5 81. Nd6 Kd5 82. Nb7 Bb6 83. Nd6 Ba5 84. Nf5 Bb6 85. Ne3+ Kd4 86. Nc2+ Kc4 87. Na3+ Kb4 88. Nb1 Kc4 89. Nd2+ Kd4 90. Nf3+ Kd5 91. Ng5 Ba5 92. Nh7 Bb6 93. Nf6+ Kd4 94. Kc8 Kc5 95. Kb7 Ba5 96. Ne8 Kd5 97. Nc7+ Kc5 98. Ne6+ Kd5 99. Nf4+ Kd6 100. Nd3 Bd8 101. Nb4 Kc5 102. Kc8 Ba5 103. c7 Bxc7 1/2-1/2


[Site "https://www.chess.com"]

[Event "Titled Tuesday Blitz October 25 Late 2022"]
[White "Yeritsyan, Hayk"]
[Black "chess50years"]
[WhiteFideId "13307320"]
[WhiteElo "2411"]
[BlackElo "1200"]
[Result "1-0"]
[Round "02"]
[TimeControl "180+1"]
[Date "2022.10.26"]
[WhiteClock "0:01:01"]
[BlackClock "0:00:34"]

1. d4 Nf6 2. Nf3 e6 3. e3 b6 4. Bd3 Bb7 5. Nbd2 Be7 6. O-O d5 7. Ne5 O-O 8. f4 Ne4 9. Qe2 f6 10. Nef3 Nd7 11. c4 f5 12. Ne5 Nxe5 13. fxe5 a5 14. cxd5 Bxd5 15. Nxe4 fxe4 16. Bc4 Rxf1+ 17. Qxf1 Qd7 18. Bd2 Rf8 19. Qe2 h6 20. a3 Bg5 21. Rf1 Rxf1+ 22. Qxf1 Qc6 23. b3 a4 24. Bxd5 Qxd5 25. bxa4 Qb3 26. Qc1 Qxa4 27. g3 c5 28. h4 Be7 29. dxc5 Bxc5 30. Kg2 Qxa3 31. Qc4 Kf7 32. Qxe4 Qb2 33. Qb7+ Kg8 34. Qd7 Qxd2+ 35. Qxd2 1-0


[Site "https://www.chess.com"]

[Event "Titled Tuesday Blitz October 25 Late 2022"]
[White "Yi, Richard"]
[Black "Banusz, Tamas"]
[WhiteFideId "2079518"]
[BlackFideId "722413"]
[WhiteElo "2147"]
[BlackElo "2602"]
[Result "0-1"]
[Round "02"]
[TimeControl "180+1"]
[Date "2022.10.26"]
[WhiteClock "0:00:02"]
[BlackClock "0:00:28"]

1. e4 e5 2. Nf3 Nc6 3. Bc4 Bc5 4. c3 Nf6 5. d3 d6 6. O-O a5 7. Nbd2 h6 8. Re1 O-O 9. Nf1 Be6 10. Bb5 Ba7 11. Ng3 Ne7 12. d4 Ng6 13. h3 c6 14. Bd3 Re8 15. a4 Qc7 16. Be3 Rad8 17. Qc2 Qb8 18. Rad1 Nh7 19. Nh5 Nhf8 20. Qd2 Kh7 21. Nh2 Qc8 22. Qe2 Qc7 23. Qf3 Qe7 24. Ng4 Bxg4 25. hxg4 Ne6 26. Qh3 Kg8 27. g3 exd4 28. Bc1 dxc3 29. bxc3 d5 30. e5 Ng5 31. Bxg5 Qxg5 32. Bxg6 fxg6 33. Nf4 Rxe5 34. Rxe5 Qxe5 35. Nxg6 Qe2 36. Rf1 Re8 37. Qh5 Qf3 38. Nf4 Bxf2+ 39. Kh2 Bxg3+ 40. Kg1 Bf2+ 41. Kh2 Qxf4+ 42. Kg2 Qe4+ 43. Kxf2 Rf8+ 44. Kg1 Qe3+ 45. Kg2 Qe2+ 0-1


[Site "https://www.chess.com"]

[Event "Titled Tuesday Blitz October 25 Late 2022"]
[White "Yoo, Christopher Woojin"]
[Black "Sargsyan, Anna M."]
[WhiteFideId "30909694"]
[BlackFideId "13308130"]
[WhiteElo "2463"]
[BlackElo "2284"]
[Result "1-0"]
[Round "02"]
[TimeControl "180+1"]
[Date "2022.10.26"]
[WhiteClock "0:01:38"]
[BlackClock "0:00:59"]

1. Nf3 d5 2. c4 d4 3. b4 g5 4. h3 Bg7 5. Bb2 e5 6. d3 f5 7. Nbd2 h6 8. g3 Nf6 9. Nxe5 O-O 10. Bg2 Re8 11. Nef3 g4 12. hxg4 fxg4 13. Nxd4 Nh7 14. N2b3 Ng5 15. Qd2 Nd7 16. Bd5+ Kf8 17. O-O-O c6 18. Bg2 Nf6 19. e4 Kg8 20. Rde1 Qc7 21. Qf4 Qxf4+ 22. gxf4 Nh3 23. Bxh3 gxh3 24. f5 Ng4 25. Rxh3 1-0


[Site "https://www.chess.com"]

[Event "Titled Tuesday Blitz October 25 Late 2022"]
[White "Yuan, Qingyu"]
[Black "Toncheva, Nadya"]
[WhiteFideId "8609772"]
[BlackFideId "2924056"]
[WhiteElo "2359"]
[BlackElo "2101"]
[Result "0-1"]
[Round "02"]
[TimeControl "180+1"]
[Date "2022.10.26"]
[WhiteClock "0:00:03"]
[BlackClock "0:00:09"]

1. d4 d5 2. Bf4 Nf6 3. e3 c5 4. Nf3 Nc6 5. Nbd2 Qb6 6. dxc5 Qxb2 7. Rb1 Qc3 8. Bb5 e6 9. O-O Qxc5 10. c4 Be7 11. cxd5 exd5 12. Nd4 Bd7 13. Qa4 O-O 14. Rfc1 Qa3 15. Bxc6 bxc6 16. Qxa3 Bxa3 17. Rc3 c5 18. Nc2 Bb4 19. Nxb4 cxb4 20. Rxb4 Rac8 21. Rxc8 Rxc8 22. h3 Bf5 23. Nb3 h6 24. Rb7 a6 25. Ra7 Bd3 26. Be5 Ne4 27. f3 Nc3 28. Bxc3 Rxc3 29. Kf2 Bc4 30. Nd4 Ra3 31. Kg3 Rxa2 32. h4 Bf1 33. Kf4 Rxg2 34. Nf5 Ra2 35. Ne7+ Kh7 36. Nxd5 Ra4+ 37. e4 Bc4 38. Ne7 Be6 39. h5 Ra5 40. e5 Ra4+ 41. Kg3 Ra1 42. Kf4 a5 43. Nc6 a4 44. Nd8 a3 45. Nxe6 fxe6 46. Ra8 a2 47. Ra7 Kg8 48. Ra5 Kf7 49. Ra7+ Ke8 50. Ra8+ Kd7 51. Ra7+ Kc6 52. Ra3 Kd5 53. Ra8 Kd4 54. Ra7 Kd3 55. Ra6 Ke2 56. Ra8 Kf2 57. Ra7 Kg2 58. Rxg7+ Kh3 59. Ra7 Kh4 60. Ra6 Kxh5 61. Ra8 Kh4 62. Ra6 h5 63. Rxe6 Rg1 64. Ra6 a1=Q 65. Rxa1 Rxa1 66. e6 Re1 67. Kf5 Kh3 68. f4 h4 69. Kf6 Kg2 70. f5 h3 71. Ke7 h2 72. f6 h1=Q 73. f7 Qh4+ 74. Kd7 Rd1+ 75. Kc7 Qd8+ 76. Kc6 Qe7 77. Kb5 Qxe6 78. f8=Q Qb3+ 79. Kc6 Qc4+ 80. Kb7 Rb1+ 81. Qb4 Qxb4+ 0-1


[Site "https://www.chess.com"]

[Event "Titled Tuesday Blitz October 25 Late 2022"]
[White "Yurtseven, Melih"]
[Black "Kopacz, Grzegorz"]
[WhiteFideId "6312160"]
[BlackFideId "1109880"]
[WhiteElo "2218"]
[BlackElo "2037"]
[Result "0-1"]
[Round "02"]
[TimeControl "180+1"]
[Date "2022.10.26"]
[WhiteClock "0:00:01"]
[BlackClock "0:00:24"]

1. Nf3 c5 2. g3 g6 3. Bg2 Bg7 4. c4 Nc6 5. Nc3 e6 6. h4 h5 7. d4 cxd4 8. Nb5 d5 9. Nfxd4 Nge7 10. cxd5 Nxd4 11. Nxd4 Nxd5 12. O-O O-O 13. Nb3 b6 14. Bxd5 exd5 15. Nd4 Bb7 16. Be3 Qd7 17. Qd3 Rac8 18. Rac1 Rxc1 19. Rxc1 Rc8 20. Rxc8+ Qxc8 21. Nf3 Bxb2 22. Bd4 Bxd4 23. Qxd4 Qc4 24. Qf6 d4 25. Kh2 Bxf3 26. Qxf3 Qxa2 27. Qe4 Qc4 28. Qa8+ Kh7 29. Qxa7 b5 0-1


[Site "https://www.chess.com"]

[Event "Titled Tuesday Blitz October 25 Late 2022"]
[White "Zakaryan, David"]
[Black "Zeman, Matyas"]
[WhiteFideId "24101923"]
[BlackFideId "364398"]
[WhiteElo "2409"]
[BlackElo "2254"]
[Result "1-0"]
[Round "02"]
[TimeControl "180+1"]
[Date "2022.10.26"]
[WhiteClock "0:00:38"]
[BlackClock "0:00:04"]

1. e4 c6 2. d4 d5 3. e5 Bf5 4. Nd2 e6 5. Nb3 Nd7 6. Nf3 h6 7. Be2 Ne7 8. O-O g5 9. Bd2 Bg7 10. a4 a5 11. Be3 Ng6 12. Bd3 Bxd3 13. Qxd3 O-O 14. c4 dxc4 15. Qxc4 Nb6 16. Qc2 Nd5 17. Nc5 b6 18. Nxe6 fxe6 19. Qxg6 Qe8 20. Qxe8 Rfxe8 21. Rac1 Rac8 22. Nd2 Bf8 23. Ne4 Kf7 24. Bd2 Kg6 25. Rc2 Kf5 26. f3 c5 27. g4+ Kg6 28. Rfc1 Rc6 29. dxc5 Rec8 30. Kf2 bxc5 31. Bxa5 Bg7 32. Rxc5 Rxc5 33. Rxc5 Rxc5 34. Nxc5 Bxe5 35. Nxe6 Bxb2 36. Bb6 Kf7 37. Bd4 Bc1 38. Nc5 Bf4 39. h3 Ke8 40. a5 Nc7 41. a6 Kd8 42. a7 Kc8 43. Ne6 Kb7 44. Nxc7 Bxc7 45. Ke2 1-0


[Site "https://www.chess.com"]

[Event "Titled Tuesday Blitz October 25 Late 2022"]
[White "Zhigalko, Sergei"]
[Black "Lorenzo De La Riva, Lazaro"]
[WhiteFideId "13502956"]
[BlackFideId "2268809"]
[WhiteElo "2662"]
[BlackElo "2325"]
[Result "1-0"]
[Round "02"]
[TimeControl "180+1"]
[Date "2022.10.26"]
[WhiteClock "0:00:03"]
[BlackClock "0:00:06"]

1. e4 e5 2. Nf3 Nc6 3. Bc4 Nf6 4. d3 h6 5. O-O Bc5 6. Be3 Bb6 7. Nbd2 O-O 8. Re1 d6 9. c3 Ne7 10. Nf1 Ng6 11. Ng3 c6 12. d4 Re8 13. h3 Qe7 14. Nf5 Qf8 15. dxe5 dxe5 16. Qc2 Bxe3 17. Rxe3 Be6 18. Bxe6 fxe6 19. Ng3 Qf7 20. Rd1 Rad8 21. Red3 Qe7 22. Qb3 Rxd3 23. Rxd3 Kh7 24. Rd1 b6 25. a4 Nd7 26. Qc4 c5 27. Qd3 Nf6 28. Qd6 Qxd6 29. Rxd6 Kg8 30. h4 h5 31. Ng5 Nf8 32. f3 g6 33. Nf1 N6h7 34. Nxh7 Kxh7 35. Ne3 Kg7 36. Nc4 Kf6 37. Kf2 Rb8 38. Rc6 Rd8 39. Ke2 Nd7 40. Rc7 a6 41. Rb7 b5 42. axb5 axb5 43. Rxb5 Ra8 44. Rb7 Nf8 45. Nd6 g5 46. hxg5+ Kxg5 47. Ke3 Kg6 48. Nc4 h4 49. Nxe5+ Kf6 50. Nd3 Kg5 51. Nxc5 Ng6 52. Nxe6+ Kf6 53. Nf4 Ne5 54. Nd5+ Ke6 55. Rb6+ Kd7 56. b3 Ra2 57. Kd4 Nc6+ 58. Kc5 Nd8 59. Nf6+ Kc7 60. Nd5+ Kd7 61. Rg6 Ne6+ 62. Kc4 Ra6 63. b4 Rc6+ 64. Kd3 Nc5+ 65. bxc5 Rxg6 66. Ne3 Rg3 67. Kd4 Kc6 68. c4 Rg8 69. f4 Rg3 70. e5 Rg4 71. Nxg4 1-0


[Site "https://www.chess.com"]

[Event "Titled Tuesday Blitz October 25 Late 2022"]
[White "Adla, Diego"]
[Black "Buchenau, Frank"]
[WhiteFideId "100072"]
[BlackFideId "4604350"]
[WhiteElo "2377"]
[BlackElo "2157"]
[Result "1-0"]
[Round "03"]
[TimeControl "180+1"]
[Date "2022.10.26"]
[WhiteClock "0:01:34"]
[BlackClock "0:00:09"]

1. c4 e5 2. Nc3 Nf6 3. Nf3 Nc6 4. e4 Bb4 5. d3 d6 6. Be2 a6 7. O-O Bc5 8. Nd2 O-O 9. Nb3 Ba7 10. Kh1 Ne8 11. f4 f5 12. exf5 Bxf5 13. g4 Bd7 14. f5 Qh4 15. Qe1 Qxe1 16. Rxe1 h5 17. h3 hxg4 18. hxg4 Nb4 19. Rf1 Nc2 20. Rb1 b5 21. Bf3 Rb8 22. Bd5+ Kh7 23. Kg2 g5 24. fxg6+ Kg7 25. Rxf8 Kxf8 26. Bh6+ Ke7 27. Rf1 Ne3+ 28. Bxe3 Bxe3 29. Rf7+ Kd8 30. g7 Nxg7 31. Rxg7 c6 32. Rg8+ Kc7 33. Rxb8 Kxb8 34. Bf3 bxc4 35. dxc4 Be6 36. Ne4 d5 37. cxd5 cxd5 38. Nec5 Bf7 39. Nxa6+ Ka7 40. Nb4 e4 41. Be2 Kb6 42. Nc2 1-0


[Site "https://www.chess.com"]

[Event "Titled Tuesday Blitz October 25 Late 2022"]
[White "Aggelis, Nikolaos"]
[Black "Romero Ruscalleda, Josep"]
[WhiteFideId "4213220"]
[BlackFideId "2231859"]
[WhiteElo "2187"]
[BlackElo "2330"]
[Result "0-1"]
[Round "03"]
[TimeControl "180+1"]
[Date "2022.10.26"]
[WhiteClock "0:00:19"]
[BlackClock "0:00:07"]

1. d4 g6 2. Nf3 Bg7 3. g3 d6 4. Bg2 Nf6 5. O-O O-O 6. b3 c5 7. c4 cxd4 8. Nxd4 Qc7 9. Bb2 Nc6 10. Nc3 Bd7 11. Rc1 Rac8 12. Nd5 Qd8 13. Nxc6 Bxc6 14. Nxf6+ exf6 15. Qd4 Qa5 16. a3 Rfd8 17. Rfd1 a6 18. h4 Qe5 19. e3 f5 20. Bxc6 Qxd4 21. Bxd4 bxc6 22. Rc2 Bxd4 23. Rxd4 Kf8 24. c5 Ke7 25. Ra4 dxc5 26. Rxc5 Rd3 27. b4 Rd5 28. Rxa6 Rxc5 29. bxc5 Ke6 30. Kg2 Kd5 31. Ra7 Rf8 32. Kf3 Kxc5 33. Kf4 Kb6 34. Rd7 c5 35. Ke5 Kc6 36. Ra7 Re8+ 37. Kf6 c4 38. Kxf7 Rc8 39. Ra4 Kd5 40. Rb4 Rc7+ 41. Kf6 c3 42. Rb1 c2 43. Rc1 Ke4 44. a4 Kd3 45. Ke5 Kd2 46. Ra1 c1=Q 47. Rxc1 Kxc1 48. e4 fxe4 49. Kxe4 Kd2 50. f4 Re7+ 51. Kd5 Ke3 52. a5 Kf3 53. h5 Kxg3 54. hxg6 hxg6 55. a6 Kxf4 56. Kd6 Rh7 57. Kc5 g5 58. Kb5 g4 59. Kb6 g3 60. a7 Rxa7 61. Kxa7 g2 62. Kb8 g1=Q 63. Kc7 Qe3 64. Kc8 Qd4 65. Kc7 Ke5 66. Kc8 Qd5 67. Kc7 Qf7+ 68. Kb8 Kd6 69. Kc8 Kc6 70. Kb8 Qb7# 0-1


[Site "https://www.chess.com"]

[Event "Titled Tuesday Blitz October 25 Late 2022"]
[White "Aguilar, Juan"]
[Black "Topalov, Aleksandar"]
[WhiteFideId "3800091"]
[BlackFideId "925659"]
[WhiteElo "2426"]
[BlackElo "2179"]
[Result "1-0"]
[Round "03"]
[TimeControl "180+1"]
[Date "2022.10.26"]
[WhiteClock "0:01:27"]
[BlackClock "0:02:08"]

1. d4 Nf6 2. c4 c5 3. d5 d6 4. Nc3 g6 5. e4 Bg7 6. Nf3 O-O 7. Bd3 Na6 8. O-O Nc7 9. h3 e5 10. dxe6 Nxe6 11. Bc2 a6 12. Be3 Qb6 13. Qd2 Bd7 14. Rab1 Bc6 15. b4 Rfd8 16. Nd5 Bxd5 17. cxd5 Nd4 18. Nxd4 cxd4 19. Bxd4 Nxe4 20. Bxb6 Nxd2 21. Bxd8 Nxf1 22. Bg5 Rc8 23. Bd3 h6 24. Bc1 1-0


[Site "https://www.chess.com"]

[Event "Titled Tuesday Blitz October 25 Late 2022"]
[White "Al Hosani, Omran"]
[Black "Kollars, Dmitrij"]
[WhiteFideId "9308733"]
[BlackFideId "12909572"]
[WhiteElo "2167"]
[BlackElo "2584"]
[Result "0-1"]
[Round "03"]
[TimeControl "180+1"]
[Date "2022.10.26"]
[WhiteClock "0:00:01"]
[BlackClock "0:00:19"]

1. d4 d5 2. c4 e6 3. Nc3 c5 4. Nf3 cxd4 5. Nxd4 e5 6. Nf3 d4 7. Nxe5 dxc3 8. Qxd8+ Kxd8 9. Nxf7+ Ke8 10. Nxh8 Bb4 11. Kd1 Bf5 12. e4 Bxe4 13. a3 Ba5 14. f3 Bf5 15. c5 c2+ 16. Ke2 Nf6 17. b4 Bc7 18. Bb2 Nc6 19. Kf2 Kf8 20. Bc4 Be5 21. Bxe5 Nxe5 22. Bb3 a5 23. g4 a4 24. Ba2 Bd7 25. Ke3 Re8 26. Kd2 Nxf3+ 27. Kxc2 Nxg4 28. Raf1 Ne3+ 29. Kb2 Nxf1 30. Rxf1 Bc6 31. b5 Re2+ 32. Ka1 Be4 33. Bb1 Bd5 34. c6 bxc6 35. b6 Re8 0-1


[Site "https://www.chess.com"]

[Event "Titled Tuesday Blitz October 25 Late 2022"]
[White "Ali Abdullahi, Farah"]
[Black "Buscar, Michael"]
[WhiteFideId "16100212"]
[BlackFideId "2603616"]
[WhiteElo "2220"]
[BlackElo "2010"]
[Result "0-1"]
[Round "03"]
[TimeControl "180+1"]
[Date "2022.10.26"]
[WhiteClock "0:00:02"]
[BlackClock "0:00:41"]

1. d4 d5 2. Nf3 Nf6 3. c4 e6 4. cxd5 exd5 5. Nc3 c5 6. Bg5 Be7 7. e3 c4 8. Be2 Be6 9. O-O Nbd7 10. b3 Qa5 11. Rc1 b5 12. bxc4 bxc4 13. Ne5 Ba3 14. Nxd7 Nxd7 15. Rc2 Bf5 16. e4 Bxe4 17. Nxe4 dxe4 18. Bd2 Qd5 19. Bxc4 Qxd4 20. Be3 Qxd1 21. Rxd1 Ne5 22. Bb5+ Ke7 23. Bf4 Rhd8 24. Re1 Rd5 25. Bf1 f5 26. Rc7+ Nd7 27. Bg5+ Ke8 28. Bc4 Rc5 29. Bf7+ Kxf7 30. Rxd7+ Kg6 31. Be3 Rc2 32. Bd4 Bf8 33. h4 Rxa2 34. g4 Re8 35. h5+ Kg5 36. Rd5 Kxg4 37. Kh2 f4 38. Rg1+ Kf3 39. Rb5 e3 40. Kh3 Rxf2 41. Rf5 Re4 42. Bxa7 e2 43. Bxf2 Kxf2 44. Rh1 Bd6 0-1


[Site "https://www.chess.com"]

[Event "Titled Tuesday Blitz October 25 Late 2022"]
[White "Almedina Ortiz, Edgardo J."]
[Black "Salman, Pavel"]
[WhiteFideId "3100197"]
[BlackFideId "24153753"]
[WhiteElo "2217"]
[BlackElo "2187"]
[Result "1-0"]
[Round "03"]
[TimeControl "180+1"]
[Date "2022.10.26"]
[WhiteClock "0:00:04"]
[BlackClock "0:00:17"]

1. d4 Nf6 2. Bf4 d6 3. e3 g6 4. h3 Bg7 5. Nf3 O-O 6. Be2 Nfd7 7. Bh2 e5 8. O-O f5 9. c3 Nc6 10. a4 Qe7 11. a5 g5 12. a6 e4 13. axb7 Bxb7 14. Qb3+ Kh8 15. Qxb7 Nd8 16. Qxa8 Nb6 17. Qxa7 exf3 18. Bxf3 Ne6 19. Ra6 Nd7 20. Nd2 Qf7 21. Rfa1 Nf6 22. Bxd6 cxd6 23. Qxf7 Rxf7 24. Rxd6 Nf8 25. Ra8 g4 26. hxg4 fxg4 27. Bc6 h5 28. b4 h4 29. b5 g3 30. f4 Ng4 31. Nf1 Re7 32. e4 Kh7 33. e5 Ng6 34. Be4 Bf6 35. Bxg6+ Kxg6 36. Rg8+ Kf5 37. exf6 Re1 38. Rg5+ Ke4 39. Re6+ Kd3 40. Rxe1 Nf2 41. Re3+ Kc2 42. Nxg3 hxg3 43. Rexg3 Ne4 44. f7 Nxc3 45. f8=Q Ne2+ 46. Kf2 Nxd4 47. Qc5+ Kb1 48. Qxd4 Kc1 49. Rc5+ Kb1 50. Rb3+ Ka2 51. Qb2# 1-0


[Site "https://www.chess.com"]

[Event "Titled Tuesday Blitz October 25 Late 2022"]
[White "Andreikin, Dmitry"]
[Black "Amburgy, Ryan"]
[WhiteFideId "4158814"]
[BlackFideId "30924820"]
[WhiteElo "2736"]
[BlackElo "2121"]
[Result "1-0"]
[Round "03"]
[TimeControl "180+1"]
[Date "2022.10.26"]
[WhiteClock "0:02:19"]
[BlackClock "0:00:54"]

1. Nf3 d5 2. c4 e6 3. g3 Nf6 4. Bg2 c6 5. b3 Be7 6. Bb2 O-O 7. O-O a5 8. Nc3 a4 9. Nxa4 dxc4 10. bxc4 Nbd7 11. d3 Nc5 12. Nxc5 Bxc5 13. Qb3 h6 14. e3 Be7 15. Rfd1 Qa5 16. a4 Qb4 17. Qc2 Qb6 18. Bd4 Qc7 19. Qb2 Ra6 20. Rdb1 c5 21. Be5 Qd8 22. Ne1 Nd7 23. Bxg7 Rb6 24. Qc3 1-0


[Site "https://www.chess.com"]

[Event "Titled Tuesday Blitz October 25 Late 2022"]
[White "Annaberdiyev, Babageldi"]
[Black "Ferreira, Vitor Hugo Vieira"]
[WhiteFideId "14000385"]
[BlackFideId "2119765"]
[WhiteElo "2332"]
[BlackElo "2168"]
[Result "1-0"]
[Round "03"]
[TimeControl "180+1"]
[Date "2022.10.26"]
[WhiteClock "0:00:32"]
[BlackClock "0:01:08"]

1. e4 c6 2. d4 d5 3. Nd2 dxe4 4. Nxe4 Nf6 5. Nxf6+ exf6 6. Bc4 Be7 7. Qh5 O-O 8. Nf3 Nd7 9. O-O Nb6 10. Bd3 g6 11. Qh6 Re8 12. h3 Bf8 13. Qh4 Be6 14. Bh6 Bd5 15. c3 Bxf3 16. gxf3 Qd5 17. Bxf8 Rxf8 18. Qxf6 Qh5 19. Rfe1 Nd5 20. Qe5 Qxh3 21. Qg3 Qxg3+ 22. fxg3 Rfe8 23. Kf2 Rxe1 24. Rxe1 Kf8 25. Be4 Re8 26. c4 Nf6 27. b4 Nxe4+ 28. fxe4 f6 29. g4 Kg7 30. Kf3 Kh6 31. Rh1+ Kg7 32. a4 a6 33. d5 cxd5 34. exd5 Rd8 35. Rd1 f5 36. c5 fxg4+ 37. Kxg4 Kf6 38. d6 h5+ 39. Kh4 Ke5 40. Kg5 Ke4 41. b5 axb5 42. axb5 Ke5 43. d7 h4 44. c6 bxc6 45. bxc6 h3 46. c7 Rxd7 47. Rxd7 h2 48. Rh7 1-0


[Site "https://www.chess.com"]

[Event "Titled Tuesday Blitz October 25 Late 2022"]
[White "Ansh M Shah"]
[Black "Butolo, Alexandru-Mircea"]
[WhiteFideId "25033379"]
[BlackFideId "1261649"]
[WhiteElo "2084"]
[BlackElo "1897"]
[Result "1-0"]
[Round "03"]
[TimeControl "180+1"]
[Date "2022.10.26"]
[WhiteClock "0:01:08"]
[BlackClock "0:00:13"]

1. d4 Nf6 2. c4 e6 3. g3 d5 4. Bg2 c6 5. Nf3 dxc4 6. O-O Nbd7 7. a4 Bd6 8. Nbd2 O-O 9. Nxc4 Bc7 10. Bf4 Bxf4 11. gxf4 c5 12. e3 cxd4 13. Qxd4 Nb6 14. Nxb6 Qxb6 15. Rac1 Bd7 16. Qxb6 axb6 17. b3 Bc6 18. Ne5 Bxg2 19. Kxg2 Rfd8 20. Rc7 Rd2 21. Rxb7 Nd5 22. Kf3 f6 23. Nc4 Rd3 24. Rg1 g6 25. h4 e5 26. h5 Nxf4 27. hxg6 1-0


[Site "https://www.chess.com"]

[Event "Titled Tuesday Blitz October 25 Late 2022"]
[White "Arabidze, Meri"]
[Black "Marcolino, Daniel Mattos"]
[WhiteFideId "13604040"]
[BlackFideId "2106841"]
[WhiteElo "2403"]
[BlackElo "2092"]
[Result "1-0"]
[Round "03"]
[TimeControl "180+1"]
[Date "2022.10.26"]
[WhiteClock "0:00:29"]
[BlackClock "0:00:23"]

1. Nf3 d5 2. g3 Nf6 3. Bg2 e6 4. O-O b6 5. b3 Bb7 6. Bb2 Be7 7. c4 O-O 8. cxd5 exd5 9. d4 Ne4 10. Nbd2 Nd7 11. a3 Ndf6 12. b4 c5 13. dxc5 bxc5 14. bxc5 Bxc5 15. Nb3 Bb6 16. Bd4 Rc8 17. Rc1 Rxc1 18. Qxc1 Ba6 19. Re1 Qc8 20. Bxb6 axb6 21. Nbd4 Nc3 22. Qf4 Qc5 23. Bf1 Nfe4 24. e3 Bxf1 25. Rxf1 Qxa3 26. Qg4 Qb2 27. Ne5 Nf6 28. Qf5 Ra8 29. Ndc6 Nce4 30. Ne7+ Kf8 31. Nxd5 Ra1 32. Qc8+ Ne8 33. Nd7+ 1-0


[Site "https://www.chess.com"]

[Event "Titled Tuesday Blitz October 25 Late 2022"]
[White "Baches Garcia, Guillermo"]
[Black "Gunduz, Umut Erdem"]
[WhiteFideId "2209764"]
[BlackFideId "6381383"]
[WhiteElo "2431"]
[BlackElo "2182"]
[Result "1-0"]
[Round "03"]
[TimeControl "180+1"]
[Date "2022.10.26"]
[WhiteClock "0:00:05"]
[BlackClock "0:00:01"]

1. e4 e5 2. Nf3 Nc6 3. Bc4 Bc5 4. c3 Nf6 5. d4 exd4 6. cxd4 Bb4+ 7. Bd2 Bxd2+ 8. Nbxd2 d5 9. exd5 Nxd5 10. Qb3 Nce7 11. O-O O-O 12. Ne4 c6 13. Rfe1 Qb6 14. Nc5 Qc7 15. Rac1 Nb6 16. Bd3 Bg4 17. Ne5 Bh5 18. Bxh7+ Kxh7 19. Qh3 g6 20. g4 Qc8 21. Rc3 Kg7 22. gxh5 Qxh3 23. Rxh3 Nf5 24. hxg6 fxg6 25. Ne6+ Kf6 26. Nxf8 Rxf8 27. Rh7 Nxd4 28. Rxb7 Rh8 29. Kg2 Nd5 30. Nd3 Rh5 31. f4 Rh4 32. Rxa7 Nf5 33. Ne5 Nde3+ 34. Kf3 Nd5 35. Rf7+ Ke6 36. Nxg6+ Kxf7 37. Nxh4 Nxh4+ 38. Kg4 Nxf4 39. Rc1 Nhg6 40. Rxc6 Ne5+ 41. Kxf4 Nxc6 42. Ke4 Ke6 43. Kd3 Kd5 44. a3 Ne5+ 45. Kc3 Kc5 46. Kb3 Nd3 47. Kc2 Nf2 48. h4 1-0


[Site "https://www.chess.com"]

[Event "Titled Tuesday Blitz October 25 Late 2022"]
[White "Banusz, Tamas"]
[Black "Abdyzhapar, Asylbek"]
[WhiteFideId "722413"]
[BlackFideId "13800337"]
[WhiteElo "2602"]
[BlackElo "2323"]
[Result "1/2-1/2"]
[Round "03"]
[TimeControl "180+1"]
[Date "2022.10.26"]
[WhiteClock "0:00:23"]
[BlackClock "0:00:39"]

1. d4 Nf6 2. Nf3 d5 3. Bf4 e6 4. e3 Bd6 5. Nbd2 Bxf4 6. exf4 O-O 7. Bd3 b6 8. Qe2 c5 9. c3 a5 10. h4 Ba6 11. h5 Bxd3 12. Qxd3 h6 13. Ne5 Nfd7 14. g4 cxd4 15. cxd4 Nxe5 16. dxe5 Nc6 17. Rc1 Rc8 18. O-O f6 19. Qb5 Nd4 20. Rxc8 Qxc8 21. Qxb6 Ne2+ 22. Kh2 Nxf4 23. exf6 Rxf6 24. Nf3 Nxh5 25. Ne5 Nf4 26. Re1 Qc2 27. Kg3 Ne2+ 28. Kh2 Qe4 29. Qe3 Qxe3 30. fxe3 Rf2+ 31. Kh3 g5 32. a4 Kg7 33. Nc6 Kf6 34. Nxa5 Ke5 35. Nc6+ Ke4 36. a5 Kxe3 37. a6 Kd2 38. Rxe2+ Rxe2 39. a7 Re3+ 40. Kg2 Re2+ 41. Kg3 Re3+ 42. Kg2 Re2+ 43. Kg3 Re3+ 44. Kg2 1/2-1/2


[Site "https://www.chess.com"]

[Event "Titled Tuesday Blitz October 25 Late 2022"]
[White "Barash, Anton"]
[Black "Gogolev, Artem"]
[WhiteFideId "30935229"]
[BlackFideId "4116615"]
[WhiteElo "2284"]
[BlackElo "2178"]
[Result "0-1"]
[Round "03"]
[TimeControl "180+1"]
[Date "2022.10.26"]
[WhiteClock "0:00:23"]
[BlackClock "0:00:34"]

1. e4 c6 2. d4 d5 3. Nc3 dxe4 4. f3 e5 5. dxe5 Qxd1+ 6. Nxd1 exf3 7. Nxf3 Be6 8. Ne3 Nd7 9. Bc4 Bxc4 10. Nxc4 Bc5 11. Ke2 Ne7 12. Be3 Nd5 13. Bxc5 Nxc5 14. Rhe1 a5 15. Nd6+ Ke7 16. Nf5+ Kd7 17. Rad1 b5 18. Ne3 Rad8 19. Nxd5 cxd5 20. Rxd5+ Kc6 21. Rxd8 Rxd8 22. Ng5 Re8 23. Kf1 h6 24. Nxf7 Rf8 25. e6 Nxe6 26. Rxe6+ Kd7 27. Rc6 Kxc6 0-1


[Site "https://www.chess.com"]

[Event "Titled Tuesday Blitz October 25 Late 2022"]
[White "Barria Zuniga, Daniel"]
[Black "Ardila, Oscar Humberto"]
[WhiteFideId "3400816"]
[BlackFideId "4404742"]
[WhiteElo "2414"]
[BlackElo "1898"]
[Result "1-0"]
[Round "03"]
[TimeControl "180+1"]
[Date "2022.10.26"]
[WhiteClock "0:02:33"]
[BlackClock "0:01:54"]

1. d4 Nf6 2. c4 g6 3. Nc3 Bg7 4. e4 d6 5. Be2 O-O 6. Nf3 Nbd7 7. O-O c6 8. Qc2 e5 9. Rd1 Qc7 10. Bf1 Re8 11. h3 Nf8 12. Be3 Ne6 13. d5 cxd5 14. cxd5 Nc5 15. Nb5 Qd8 16. Nxd6 Qxd6 17. Bxc5 Qd8 18. Rac1 Bd7 19. Be3 Rc8 20. Qd3 a6 21. b3 Nh5 22. Rxc8 Qxc8 23. Rc1 Qd8 24. Qc2 Qf6 25. Qc7 Bxh3 26. Bg5 Qf4 27. Bxf4 Nxf4 28. gxh3 h6 29. Qxb7 Rf8 30. Rc8 Rxc8 31. Qxc8+ Kh7 32. Qxa6 g5 33. Qc8 Kg6 34. Qf5+ Kh5 1-0


[Site "https://www.chess.com"]